 Dungeon Crawl Stone Soup version 0.16.1-11-g651b585 (webtiles) character file.

60 Magnus the Skirmisher (level 3, -1/29 HPs)
             Began as a Demonspawn Skald on Apr 5, 2015.
             Succumbed to an adder's poison
             ... on level 2 of the Dungeon.
             The game lasted 00:08:42 (2412 turns).

Magnus the Skirmisher (Demonspawn Skald)            Turns: 2412, Time: 00:08:42

Health: -1/29      AC:  5    Str: 13    XL:     3   Next: 80%
Magic:  3/6        EV: 10    Int: 13    God:
Gold:   35         SH:  0    Dex: 12    Spells: 2 memorised, 2 levels left

rFire  . . .     SeeInvis .     a - +0 falchion
rCold  . . .     Clarity  .     h - -1 ring mail (curse)
rNeg   . . .     SustAb   .     (no shield)
rPois  .         Gourm    .     (no helmet)
rElec  .         Spirit   .     (no cloak)
rCorr  .         Warding  .     (no gloves)
rMut   .         Stasis   .     b - +0 pair of boots
MR     .....                    (no amulet)
Stlth  +.........               (no ring)
                                (no ring)

@: lethally poisoned (-1 -> -17), very slightly contaminated, starving, not
resistant to hostile enchantments, very unstealthy
A: demonic guardian 1
a: no special abilities


You were on level 2 of the Dungeon.
You were starving.

You visited 1 branch of the dungeon, and saw 2 of its levels.

You collected 35 gold pieces.

Inventory:

Hand weapons
 a - a +0 falchion (weapon)
Armour
 b - a +0 pair of boots (worn)
 h - a cursed -1 ring mail (worn)
Scrolls
 j - a scroll of teleportation {unknown}
Potions
 e - a potion of curing {unknown}
 g - a potion of mutation {unknown}
 i - a potion of restore abilities {unknown}
Books
 c - a book of Battle

   Spells                             Type                      Level
   a - Infusion                       Charms                       1
   b - Shroud of Golubria             Charms/Translocation         2
   c - Song of Slaying                Charms                       2
   d - Spectral Weapon                Hexes/Charms                 3
   e - Regeneration                   Charms/Necromancy            3
Comestibles
 d - 3 bread rations
 f - a meat ration


   Skills:
 * Level 3.4 Fighting
 - Level 1.7 Long Blades
 - Level 0.8 Armour
 - Level 0.8 Dodging
 + Level 2.4 Spellcasting
 + Level 3.1 Charms


You had 2 spell levels left.
You knew the following spells:

 Your Spells              Type           Power        Failure   Level  Hunger
a - Infusion              Chrm           #.....       17%         1    #......
b - Regeneration          Chrm/Necr      #.........   83%         3    ###....


Dungeon Overview and Level Annotations

Branches:
Dungeon (2/15)

Altars:

Annotations:
D:2 Terence


Innate Abilities, Weirdness & Mutations

A weak demonic guardian rushes to your aid.


Message History

You feel sick. The adder bites you but does no damage.
You barely miss the adder.
The adder is almost dead.
* * * LOW HITPOINT WARNING * * *
You feel sick. The adder barely misses you. The adder bites you.
* * * LOW HITPOINT WARNING * * *
You slash the adder!
You kill the adder!
* * * LOW HITPOINT WARNING * * *
You feel sick.
Casting: Infusion
Confirm with . or Enter, or press ? or * to list all spells.
The spell is very dangerous to cast!
Continue anyway?
Okay, then.
Casting: Infusion
Confirm with . or Enter, or press ? or * to list all spells.
The spell is very dangerous to cast!
Continue anyway?
You miscast Regeneration.
Nothing appears to happen.
You are starving!
You die...

##............).#.#
..
#........##.##.#.#
#.......###..#.#.#
##..............#.##
#........####..##..
.( #.####...# ##.#
.###.# #. #...#
#.##.....# #. #####
#.......# #.
##.@....# #.
#......# #. #......#
#. #....$.# .
>#..>#### .######
.8## #


There were no monsters in sight!

Vanquished Creatures
  3 adders
  An ooze (D:2)
  3 giant cockroaches (D:1)
  7 hobgoblins
  A quokka (D:2)
  2 ball pythons
  2 bats (D:1)
  2 giant newts (D:1)
  4 goblins (D:1)
  4 kobolds
  3 rats
32 creatures vanquished.

Notes
Turn   | Place    | Note
--------------------------------------------------------------
     0 | D:1      | Magnus, the Demonspawn Skald, began the quest for the Orb.
     0 | D:1      | Reached XP level 1. HP: 16/16 MP: 3/3
   499 | D:1      | Gained mutation: A weak demonic guardian rushes to your aid. [demonic ancestry]
   499 | D:1      | Reached XP level 2. HP: 20/23 MP: 4/4
  1038 | D:1      | Reached skill level 3 in Fighting
  1038 | D:1      | Reached XP level 3. HP: 18/29 MP: 3/6
  1796 | D:1      | Learned a level 3 spell: Regeneration
  1897 | D:2      | Noticed Terence
  2411 | D:2      | HP: 1/29 [poisoned by an adder]
  2412 | D:2      | Succumbed to an adder's poison

Action                   || total
-------------------------++-------
Melee: Falchion          ||   152
 Cast: Infusion          ||     5
  Eat: Chunk             ||     3
